 Dungeon Crawl Stone Soup version 0.27-a0-1529-g1e82c303ef (webtiles) character file.

Game seed: 18189486218395701405

410 Mesmaeker13 the Firebug (level 6, -4/45 HPs)
             Began as a Draconian Fire Elementalist on July 11, 2021.
             Killed by divine providence
             ... invoked by an orc priest
              (11 damage)
             ... on level 5 of the Dungeon.
             The game lasted 00:06:16 (4004 turns).

Mesmaeker13 the Firebug (DrFE)                      Turns: 4004, Time: 00:06:17

Health: -4/45      AC:  6    Str: 11    XL:     6   Next: 58%
Magic:  7/11       EV: 12    Int: 17    God:
Gold:   108        SH:  0    Dex: 11    Spells: 2/11 levels left

rFire    . . .     SeeInvis .   f - +0 spear (flame)
rCold    . . .     Faith    .   (no shield)
rNeg     . . .     Spirit   .   (armour unavailable)
rPois    +         Reflect  .   (helmet restricted)
rElec    .         Harm     .   (no cloak)
rCorr    .         Rampage  .   (no gloves)
Will     .....                  (no boots)
Stlth    ++........             (no amulet)
HPRegen  0.15/turn              i - ring of poison resistance
MPRegen  0.12/turn              (no ring)

@: no status effects
A: AC +6, unfitting armour, cold-blooded
a: no special abilities


You were on level 5 of the Dungeon.
You visited 1 branch of the dungeon, and saw 5 of its levels.

You collected 108 gold pieces.

Inventory:

Hand Weapons
 d - a +2 dagger of freezing
 f - a +0 spear of flaming (weapon)
Missiles
 g - 7 javelins
Jewellery
 i - a ring of poison resistance (left hand)
Scrolls
 a - a scroll of noise
 b - 2 scrolls of enchant armour {unknown}
 c - 2 scrolls of blinking
 k - a scroll of torment {unknown}
Potions
 e - 2 potions of invisibility {unknown}
 h - a potion of lignification {unknown}
 j - a potion of brilliance {unknown}


   Skills:
 + Level 3.6 Dodging
 - Level 1.7 Stealth
 - Level 3.3 Spellcasting
 + Level 3.5 Conjurations
 + Level 4.6 Fire Magic


You had 2 spell levels left.
You knew the following spells:

 Your Spells              Type           Power      Damage    Failure   Level
a - Foxfire               Conj/Fire      64%        2x1d7     3%          1
b - Conjure Flame         Conj/Fire      16%        6-21      10%         3
c - Fireball              Conj/Fire      8%         3d6       65%         5

Your spell library contained the following spells:

 Spells                   Type           Power      Damage    Failure   Level
 Sting                    Tmut/Pois      8%         1d3       17%         1
 Poisonous Vapours        Pois/Air       4%         N/A       26%         2
 Inner Flame              Hex/Fire       10%        N/A       21%         3
 Sticky Flame             Conj/Fire      16%        2d4       32%         4
 Olgreb's Toxic Radiance  Pois           2%         N/A       86%         4


Dungeon Overview and Level Annotations

Branches:
Dungeon (5/15)
 Temple: D:4-7

Altars:
Fedhas
Gozag
Kikubaaqudgha
Uskayaw
The Shining One

Annotations:
D:4 1 runed translucent door, no0bjke's ghost, amateur GrFi


Innate Abilities, Weirdness & Mutations

Your plain brown scales are hard. (AC +6)
You cannot fit into any form of body armour.
You are cold-blooded and may be slowed by cold attacks.


Message History

An orc wizard comes into view. It is wielding a +0 dagger.
An orc priest comes into view. It is wielding a +0 hand axe.
The foxfire hits the orc priest.
The orc priest is moderately wounded.
Found 17 gold pieces.
Casting: Foxfire (safe; 3% risk of failure)
Confirm with . or Enter, or press ? or * to list all spells.
You conjure some foxfire!
Casting: Foxfire (safe; 3% risk of failure)
Confirm with . or Enter, or press ? or * to list all spells.
You conjure some foxfire!
The orc priest calls down the wrath of Beogh upon you.
Beogh smites you!
The foxfire hits the orc priest.
The orc priest is heavily wounded.
Casting: Foxfire (safe; 3% risk of failure)
Confirm with . or Enter, or press ? or * to list all spells.
You conjure some foxfire!
The foxfire hits the orc priest.
The orc priest is heavily wounded.
The orc priest mumbles some strange prayers to Beogh against you.
Pain shoots through your body!
The foxfire hits the orc priest.
The orc priest is almost dead.
Casting: Foxfire (safe; 3% risk of failure)
Confirm with . or Enter, or press ? or * to list all spells.
You conjure some foxfire!
The orc priest invokes the aid of Beogh against you.
Beogh smites you!
The foxfire hits the orc priest.
The orc priest is almost dead.
The orc priest invokes the aid of Beogh against you.
Beogh smites you!
* * * LOW HITPOINT WARNING * * *
Unknown command.
Casting: Foxfire (safe; 3% risk of failure)
Confirm with . or Enter, or press ? or * to list all spells.
You conjure some foxfire!
The orc priest invokes the aid of Beogh against you.
Beogh smites you!
You die...

#### ### ... #.# ##..
#.# ........## ##.##
#.... #..###.<.### #
....# #.#..###v§## .#
.... #...## ##@v# ##.#
#.<##..## ##v§#
###...## #..#..#
##o.#####......#
#....[####..##
#.#......###
#......##..##
#...........
#.........##
#...#########
########..##
#...#.......#P
##..#####.#.##.._..##.
##...##.##.P........P


You could see an orc priest (ally target).

Vanquished Creatures
  A centaur (D:4)
  2 scorpions (D:4)
  A bullfrog zombie (D:3)
  A jelly (D:3)
  An iguana (D:5)
  A howler monkey zombie (D:4)
  4 adders
  A white imp (D:5)
  An adder skeleton (D:2)
  2 worms
  A dart slug (D:4)
  An orc (D:3)
  4 bats (D:2)
  5 endoplasms
  6 goblins
  10 hobgoblins
  8 jackals
  3 quokkas
  6 ball pythons
  7 frilled lizards
  8 rats
74 creatures vanquished.

Vanquished Creatures (collateral kills)
  A foxfire (D:4)
1 creature vanquished.

Vanquished Creatures (others)
  239 foxfires
  5 fungi (D:4)
  2 plants
  A withered plant (D:5)
247 creatures vanquished.

Grand Total: 322 creatures vanquished

Notes
Turn   | Place    | Note
-------+----------+-------------------------------------------
     0 | D:1      | Mesmaeker13 the Draconian Fire Elementalist began the quest
                  | for the Orb.
     0 | D:1      | Reached XP level 1. HP: 14/14 MP: 3/3
   164 | D:1      | Reached XP level 2. HP: 20/20 MP: 3/5
   806 | D:1      | Found a faded altar of an unknown god.
  1051 | D:2      | Reached XP level 3. HP: 24/26 MP: 2/6
  1694 | D:3      | Learned a level 3 spell: Conjure Flame
  1915 | D:3      | Reached XP level 4. HP: 16/33 MP: 0/8
  2179 | D:3      | Reached XP level 5. HP: 38/38 MP: 4/9
  2720 | D:3      | Learned a level 5 spell: Fireball
  2725 | D:4      | Found a glowing golden altar of the Shining One.
  2785 | D:4      | Found a hide-covered altar of Uskayaw.
  2790 | D:4      | Found an opulent altar of Gozag.
  2848 | D:4      | Found a runed translucent door.
  2851 | D:4      | Noticed no0bjke's ghost (amateur GrFi)
  2906 | D:4      | Noticed a centaur
  2925 | D:4      | Killed a centaur
  2926 | D:4      | Reached skill level 4 in Fire Magic
  3140 | D:4      | Reached XP level 6. HP: 13/45 MP: 3/11
  3543 | D:4      | Found a blossoming altar of Fedhas.
  3798 | D:5      | Entered Level 5 of the Dungeon
  3909 | D:5      | Found an ancient bone altar of Kikubaaqudgha.
  4004 | D:5      | Killed from afar by an orc priest

Illustrated notes

Levels and vault maps discovered:
D:1:      tarquinn_simple_flora_water_c, layout_basic,
          shapermc_ecumenical_altar_mp_urbaneastern
D:2:      layout_basic
D:3:      layout_loops_cross
D:4:      layout_cave_pools, eat_drink_and_be_merry_uskayaw,
          mainiacjoe_overflow_small_starburst, lemuel_round_altar,
          fedhas_altar_3, grunt_gozag_breadcrumbs, ebering_ghost_reflecting_pool
D:5:      layout_layer_cave, kiku_gazebo_garden_becter,
          minmay_temple_entry_gardened_gates, minmay_crystal_water,
          minmay_small_thing, uniq_crazy_yiuf_cottage

Skill      XL: |  1  2  3  4  5 |
---------------+----------------+-----
Dodging        | 2 3 |  3.6
Conjurations   | 2 3 |  3.5
Spellcasting   | 3 |  3.3
Fire Magic     | 4 |  4.6
Stealth        | |  1.7

Action                   |  1- 3 |  4- 6 || total
-------------------------+-------+-------++-------
Melee: Unarmed           |     7 |       ||     7
       Dagger            |    13 |       ||    13
       Tailslap          |     3 |       ||     3
       Spear             |     1 |     9 ||    10
 Cast: Foxfire           |    57 |    81 ||   138
       Conjure Flame     |       |     1 ||     1
  Use: Scroll            |       |     3 ||     3
       Potion            |       |     1 ||     1
Armor: Skin              |    19 |    22 ||    41
Dodge: Dodged            |    30 |    61 ||    91

Table legend: (Time is in decaauts)
 A = Elapsed time spent in this place.
 B = Non-inter-level travel time spent in this place.
 C = Inter-level travel time spent in this place.
 D = Time resting spent in this place.
 E = Time spent auto-exploring this place.
 F = Levels seen in this place.
 G = Mean time per level.
                   A        B        C        D        E       F      G
               +--------+--------+--------+--------+--------+-----+--------+
         Total |   4007 |   3906 |    101 |    669 |   2463 |   5 |  801.4 |
       Dungeon |   4007 |   3906 |    101 |    669 |   2463 |   5 |  801.4 |
               +--------+--------+--------+--------+--------+-----+--------+

Top non-repeatable levels by time:
     D:4: 1075 daAuts
     D:1: 1038 daAuts
     D:3: 1034 daAuts
     D:2: 652 daAuts
     D:5: 206 daAuts
